 Dungeon Crawl Stone Soup version 0.24-a0-284-g9fb9971df1 (webtiles) character file.

Game seed: 597234956788320219

27713 GordonOverkill the Prestidigitator (level 13, -5/103 HPs)
             Began as a Mummy Fire Elementalist on May 6, 2019.
             Was an Initiate of Gozag.
             Killed by divine providence
             ... invoked by a meliai
              (12 damage)
             ... on level 4 of the Lair of Beasts.
             The game lasted 00:48:22 (24150 turns).

GordonOverkill the Prestidigitator (MuFE)          Turns: 24150, Time: 00:48:22

Health: -5/103     AC:  7    Str: 15    XL:     13   Next: 5%
Magic:  8/21       EV: 15    Int: 19    God:    Gozag
Gold:   915        SH:  0    Dex: 16    Spells: 2/22 levels left

rFire    . . .     SeeInvis .   e - +3 mace (protect)
rCold    + + .     Gourm    .   (no shield)
rNeg     + + +     Faith    .   a - +1 robe
rPois    ∞         Spirit   .   u - +1 hat of Arephuz {rElec Str+4 Dex+3}
rElec    +         Reflect  .   m - +2 cloak
rCorr    .         Harm     .   (no gloves)
MR       +....                  (no boots)
Stlth    ++........             (no amulet)
HPRegen  0.27/turn              p - ring of protection from fire
MPRegen  0.17/turn              y - ring of protection from cold

@: very slightly contaminated
A: no food or potions, fire vulnerability, cold resistance 1, negative energy
resistance 3, torment resistance, unbreathing, in touch with death 1
a: Potion Petition, Call Merchant, Bribe Branch, Renounce Religion


You were on level 4 of the Lair of Beasts.
You worshipped Gozag.
Gozag was pleased with you.
You were not hungry.

You visited 3 branches of the dungeon, and saw 15 of its levels.

You collected 2387 gold pieces.
You paid 1472 gold pieces to Gozag.

Inventory:

Hand Weapons
 b - a +0 dagger of venom
 e - a +3 mace of protection (weapon)
 k - a +1 dagger of pain
 r - a +1 scimitar of flaming
Missiles
 l - 266 stones
 n - 13 curare-tipped needles
 q - 2 tomahawks (quivered)
Armour
 a - a +1 robe (worn)
 m - a +2 cloak (worn)
 u - the +1 hat of Arephuz (worn) {rElec Str+4 Dex+3}
   (You acquired it on level 9 of the Dungeon)

   It affects your strength (+4).
   It affects your dexterity (+3).
   It insulates you from electricity.
Jewellery
 p - a ring of protection from fire (left hand)
 v - an uncursed ring of resist corrosion
 y - a ring of protection from cold (right hand)
Wands
 i - a wand of digging (2)
 o - a wand of random effects (21)
 s - a wand of flame (1)
 z - a wand of polymorph (16)
 A - a wand of paralysis (1)
Scrolls
 c - 6 scrolls of remove curse
 d - 4 scrolls of immolation
 f - a scroll of amnesia
 g - 6 scrolls of teleportation
 h - 2 scrolls of enchant armour
 t - a scroll of fog
 x - a scroll of enchant weapon


   Skills:
 - Level 10.0 Fighting
 - Level 5.0 Dodging
 - Level 2.0 Stealth
 - Level 5.0 Spellcasting
 - Level 6.0 Conjurations
 + Level 2.1 Transmutations
 - Level 9.0 Fire Magic
 * Level 11.6 Evocations


You had 2 spell levels left.
You knew the following spells:

 Your Spells              Type           Power        Failure   Level  Hunger
a - Flame Tongue          Conj/Fire      ####.        1%          1    N/A
b - Throw Flame           Conj/Fire      ####..       1%          2    N/A
c - Conjure Flame         Conj/Fire      ####....     1%          3    N/A
d - Sticky Flame          Conj/Fire      ####....     5%          4    N/A
e - Fireball              Conj/Fire      ####......   16%         5    N/A
f - Irradiate             Conj/Tmut      ###.......   54%         5    N/A

Your spell library contained the following spells:

 Spells                   Type           Power        Failure   Level  Hunger
 Inner Flame              Hex/Fire       ###.....     6%          3    N/A
 Summon Lightning Spire   Summ/Air       #.......     77%         4    N/A
 Silence                  Hex/Air        #.........   98%         5    N/A
 Conjure Ball Lightning   Conj/Air       ###.......   99%         6    N/A
 Deflect Missiles         Chrm/Air       #.........   100%        6    N/A
 Tornado                  Air            #.........   100%        9    N/A
 Hydra Form               Tmut           Unusable     N/A         6    N/A
 Statue Form              Tmut/Erth      Unusable     N/A         6    N/A
 Dragon Form              Tmut           Unusable     N/A         7    N/A

Dungeon Overview and Level Annotations

Branches:
Dungeon (10/15)            Temple (1/1) D:5            Lair (4/6) D:9
 Shoals (0/4) Lair:2        Snake (0/4) Lair:4
    Orc: D:9-12

Altars:
Ashenzari
Cheibriados
Dithmenos
Elyvilon
Fedhas
Gozag
Hepliaklqana
Kikubaaqudgha
Makhleb
Nemelex Xobeh
Okawaru
Qazlal
Ru
Sif Muna
Trog
Uskayaw
Vehumet
Wu Jian
Xom
Yredelemnul
Zin
The Shining One


Innate Abilities, Weirdness & Mutations

You do not eat or drink.
Your flesh is vulnerable to fire.
You are immune to poison.
Your flesh is cold resistant. (rC+)
You are immune to negative energy. (rN+++)
You are immune to unholy pain and torment.
You can survive without breathing.
You are in touch with the powers of death.


Message History

Aim: a meliai, wielding a +0 hand axe and wearing a +0 robe (severely wounded, covered in liquid flames, chance to defeat MR: 74%)
The meliai struggles to resist.
The meliai burns!
The meliai calls down the wrath of its god upon you.
Something smites you!
* * * LOW HITPOINT WARNING * * *
The meliai closely misses you. The meliai barely misses you.
Evoke which item? (* to show all) (? for menu, Esc to quit)
That's the wrong kind of item! (Use * to select it.) Evoke which item? (* to show all) (? for menu, Esc to quit)
Okay, then.
Evoke which item? (* to show all) (? for menu, Esc to quit)
Aiming: Paralyse
Press: ? - help, Shift-Dir - straight line, f/p - meliai
Aim: a meliai, wielding a +0 hand axe and wearing a +0 robe (severely wounded, covered in liquid flames, chance to defeat MR: 74%)
The meliai struggles to resist.
The meliai burns!
The meliai closely misses you. The meliai misses you.
The meliai mumbles some strange prayers to its god against you.
Something smites you!
You die...
Your body crumbles into a pile of gold.

.......^......## ##..## #
..............# ##..$P# #
........P#....## #.$$### #
.........#.....########$$# #
.........##....P##..P...P# #
.........##.............## ###
........##....###..###### #.P
.....###........#.##.###### #..
#....##.#.......@.........#####..
#....#.........y#...........#.P..
#..............[.................
#....P......................##...
P.......#..................####..
P....P..P....).......###...# #[..
.%....................##...# #...
#...............#......#...# ##..
.....#..#.P....#......###..# ##.


You could see a meliai (burning).

Vanquished Creatures
  4 hydras
  Harold (D:9)
  A two-headed ogre (D:9)
  Erica (D:8)
  8 death yaks
  Sonja (Lair:4)
  4 skeletal warriors
  Pikel (D:9)
  A black mamba (Lair:2)
  5 spiny frogs
  3 rime drakes (Lair:4)
  4 komodo dragons
  A meliai (Lair:4)
  Prince Ribbit (D:5)
  3 hippogriffs
  4 dream sheep (Lair:4)
  Sigmund (D:3)
  18 yaks
  Grum (D:8)
  Menkaure (D:7)
  A basilisk (Lair:1)
  A hungry ghost (D:9)
  A steam dragon (D:8)
  A naga (Lair:4)
  9 water moccasins
  Duvessa (D:6)
  6 porcupines
  2 orc warriors (D:7)
  A phantom (D:6)
  2 black bears
  A necrophage (D:7)
  2 ogres
  2 centaurs
  2 wolves (D:8)
  3 crocodiles
  A big kobold (D:6)
  12 bullfrogs
  A gnoll sergeant (D:7)
  Dowan (D:6)
  3 scorpions
  14 killer bees (Lair:4)
  5 howler monkeys
  4 crimson imps
  A hound (D:8)
  8 orc priests
  A gnoll shaman (D:5)
  4 jellies
  5 orc wizards
  2 iguanas (D:7)
  Terence (D:2)
  3 worker ants
  A hound zombie (D:5)
  A hound skeleton (D:5)
  Robin (D:2)
  8 gnolls
  11 adders
  3 shadow imps
  12 white imps
  2 oozes
  An adder zombie (D:7)
  8 worms
  4 dart slugs
  4 leopard geckos
  36 orcs
  4 ball pythons
  9 bats
  9 giant cockroaches
  13 goblins
  10 hobgoblins
  4 jackals (D:2)
  8 kobolds
  3 quokkas
  A ball python skeleton (D:5)
  6 frilled lizards
  A quokka zombie (D:7)
  9 rats
  A bush (D:6)
335 creatures vanquished.

Vanquished Creatures (others)
  2 slaves (D:9)
  A black bear (D:9)
  A wyvern zombie (D:9)
  A bush (Lair:4)
  8 fungi
  3 plants
16 creatures vanquished.

Grand Total: 351 creatures vanquished

Notes
Turn   | Place    | Note
-------+----------+-------------------------------------------
     0 | D:1      | GordonOverkill the Mummy Fire Elementalist began the quest
                  | for the Orb.
     0 | D:1      | Reached XP level 1. HP: 13/13 MP: 4/4
   221 | D:1      | Reached skill level 1 in Conjurations
   221 | D:1      | Reached XP level 2. HP: 9/20 MP: 0/6
   406 | D:1      | Learned a level 2 spell: Throw Flame
   768 | D:1      | Reached XP level 3. HP: 24/25 MP: 0/7
   901 | D:1      | Reached skill level 1 in Fighting
  1429 | D:2      | Reached XP level 4. HP: 28/32 MP: 1/8
  1729 | D:2      | Noticed Terence
  1739 | D:2      | Killed Terence
  1937 | D:2      | Noticed Robin
  2036 | D:2      | Killed Robin
  2036 | D:2      | Reached XP level 5. HP: 37/38 MP: 0/9
  2610 | D:3      | Learned a level 3 spell: Conjure Flame
  2615 | D:3      | Learned a level 4 spell: Sticky Flame
  2841 | D:3      | Noticed Sigmund
  3712 | D:3      | Found a snail-covered altar of Cheibriados.
  3916 | D:3      | Killed Sigmund
  3916 | D:3      | Reached XP level 6. HP: 41/49 MP: 1/10
  4146 | D:4      | Reached skill level 5 in Fighting
  4280 | D:4      | Noticed a water elemental
  4281 | D:4      | Found a stormy altar of Qazlal.
  4284 | D:4      | Noticed a fire elemental
  4284 | D:4      | Noticed an air elemental
  4299 | D:4      | Reached skill level 1 in Evocations
  4369 | D:4      | Found a shattered altar of Ashenzari.
  4370 | D:4      | Found a sparkling altar of Nemelex Xobeh.
  4397 | D:4      | Reached XP level 7. HP: 56/56 MP: 6/11
  4438 | D:4      | Found a shadowy altar of Dithmenos.
  4883 | D:4      | Found a shimmering altar of Xom.
  4929 | D:5      | Entered Level 5 of the Dungeon
  5176 | D:5      | Reached skill level 2 in Evocations
  5260 | D:5      | Noticed Prince Ribbit
  5295 | D:5      | Killed Prince Ribbit
  5295 | D:5      | Reached skill level 3 in Evocations
  5427 | D:5      | Found an ornate altar of the Wu Jian Council.
  5540 | D:5      | Reached skill level 4 in Evocations
  5654 | D:5      | Found a staircase to the Ecumenical Temple.
  5672 | Temple   | Entered the Ecumenical Temple
  5788 | Temple   | Became a worshipper of Gozag Ym Sagoz the Greedy
  5981 | D:5      | Reached XP level 8. HP: 62/62 MP: 9/12
  6280 | D:5      | Found a blossoming altar of Fedhas.
  6643 | D:6      | Reached skill level 5 in Evocations
  6825 | D:6      | Found a white marble altar of Elyvilon.
  7208 | D:6      | Noticed Duvessa
  7208 | D:6      | Noticed Dowan
  7231 | D:6      | Killed Duvessa
  7254 | D:6      | Killed Dowan
  7586 | D:6      | Found a radiant altar of Vehumet.
  8785 | D:6      | Reached skill level 5 in Spellcasting
  8785 | D:6      | Reached skill level 5 in Fire Magic
  9185 | D:7      | Reached XP level 9. HP: 68/68 MP: 5/16
  9938 | D:7      | Noticed Menkaure
  9956 | D:7      | Killed Menkaure
 10372 | D:7      | Reached skill level 5 in Conjurations
 10552 | D:7      | Learned a level 5 spell: Fireball
 11411 | D:8      | Noticed Erica
 11420 | D:8      | Killed Erica
 11420 | D:8      | Reached skill level 6 in Evocations
 11629 | D:8      | Reached XP level 10. HP: 74/74 MP: 13/17
 11656 | D:8      | Noticed Grum
 11670 | D:8      | Killed Grum
 12376 | D:9      | Identified a scroll of acquirement
 12379 | D:9      | Got a brightly glowing hat
 12390 | D:9      | Identified the +1 hat of Arephuz {rElec Str+4 Dex+3} (You
                  | acquired it on level 9 of the Dungeon)
 12430 | D:9      | Noticed Harold
 12448 | D:9      | Killed Harold
 12448 | D:9      | Reached skill level 7 in Evocations
 12613 | D:9      | Noticed a skeletal warrior
 12621 | D:9      | Killed a skeletal warrior
 12678 | D:9      | Noticed a skeletal warrior
 12678 | D:9      | Noticed a skeletal warrior
 12679 | D:9      | Noticed a skeletal warrior
 12709 | D:8      | Killed a skeletal warrior
 12709 | D:8      | Reached skill level 8 in Evocations
 13026 | D:8      | Killed a skeletal warrior
 13400 | D:9      | Killed a skeletal warrior
 13782 | D:9      | Noticed Pikel
 13787 | D:9      | Noticed a two-headed ogre
 13792 | D:9      | Killed Pikel
 13792 | D:9      | Reached XP level 11. HP: 77/79 MP: 9/18
 13887 | D:9      | Killed a two-headed ogre
 13887 | D:9      | Reached skill level 9 in Evocations
 14441 | D:9      | Found a staircase to the Lair.
 14524 | D:10     | Entered Level 10 of the Dungeon
 15227 | Lair:1   | Entered Level 1 of the Lair of Beasts
 16023 | Lair:1   | Noticed a seven-headed hydra
 16032 | Lair:1   | Killed a seven-headed hydra
 16032 | Lair:1   | Reached skill level 10 in Evocations
 16479 | Lair:1   | Got a scorched lajatang
 16482 | Lair:1   | Identified the +10 lajatang of Overwhelming Force
                  | {antimagic, Int+5 Dex-3 SInv Stlth+} (You found it on level
                  | 1 of the Lair of Beasts)
 16591 | Lair:2   | Found a staircase to the Shoals.
 16921 | Lair:2   | Noticed a death yak
 16921 | Lair:2   | Noticed a death yak
 16922 | Lair:2   | Noticed a death yak
 16946 | Lair:1   | Killed a death yak
 17945 | Lair:2   | Killed a death yak
 17950 | Lair:2   | Killed a death yak
 18585 | Lair:3   | Noticed a death yak
 18585 | Lair:3   | Noticed a death yak
 18585 | Lair:3   | Noticed a death yak
 18585 | Lair:3   | Noticed a death yak
 18586 | Lair:3   | Noticed a death yak
 18652 | Lair:3   | Noticed a five-headed hydra
 18658 | Lair:3   | Killed a five-headed hydra
 18658 | Lair:3   | Reached XP level 12. HP: 48/92 MP: 3/19
 19294 | Lair:1   | Killed a death yak
 19456 | Lair:4   | Killed a death yak
 19791 | Lair:4   | Noticed a five-headed hydra
 19796 | Lair:4   | Killed a five-headed hydra
 19954 | Lair:4   | Noticed Sonja
 19975 | Lair:4   | Killed Sonja
 19975 | Lair:4   | Reached skill level 10 in Fighting
 20534 | Lair:4   | Reached skill level 5 in Dodging
 20710 | Lair:4   | Killed a death yak
 21063 | Lair:3   | Killed a death yak
 21255 | Lair:3   | Killed a death yak
 21255 | Lair:3   | Reached skill level 11 in Evocations
 21522 | Lair:3   | Learned a level 5 spell: Irradiate
 21873 | Lair:3   | Got a fine flail
 21874 | Lair:3   | Identified the +4 flail of Xom's Wrath {flame, rC- rN++}
                  | (You found it on level 3 of the Lair of Beasts)
 22268 | Lair:4   | Reached skill level 1 in Transmutations
 23324 | Lair:4   | Found a staircase to the Snake Pit.
 23387 | Lair:4   | Noticed an eight-headed hydra
 23392 | Lair:4   | Killed an eight-headed hydra
 23392 | Lair:4   | Gained mutation: You are in touch with the powers of death.
                  | [Mummy growth]
 23392 | Lair:4   | Reached XP level 13. HP: 67/103 MP: 10/21
 24150 | Lair:4   | Killed from afar by a meliai

Levels and vault maps discovered:
D:1:      evilmike_arrival_hilbert_curve, layout_loops_ring
D:2:      layout_basic, chequers_serial_rivers_room_b, uniq_terence, uniq_robin
D:3:      layout_loops_ring, cheibriados_altar_1, saegor_snake_ambush,
          uniq_sigmund
D:4:      layout_loops_cross, nicolae_qazlal_style_of_elements,
          nicolae_dithmenos_the_darkroom, kennysheep_little_box,
          gammafunk_temple_overflow_statue, first_ration
D:5:      layout_gridville, kennysheep_mini_moat, lemuel_doored_altar,
          minmay_temple_entry_waves, cheibrodos_sewer_entry_drain, st_stairs_3,
          uniq_prince_ribbit1
D:6:      layout_basic, fiery_altar_vehumet, elyvilon_altar_3,
          solitary_fountain, minmay_misc_feat_secret_circle,
          lexackson_kobold_supper, uniq_duvessa
D:7:      layout_layer_cave, kennysheep_generic_room_6, uniq_menkaure
D:8:      layout_layer_cave, nicolae_underground_beach, uniq_erica, uniq_grum
D:9:      layout_basic, lair_entry_dummy, enter_bailey_2, uniq_harold,
          uniq_pikel
D:10:     layout_rooms
Temple:   hc_temple_tempest_star
Lair:1:   layout_regular_city, infiniplex_staircase_pool
Lair:2:   layout_small_grid, elwin_shoals_entry_rocks
Lair:3:   layout_cave_shapes, portal_ice_cave_entry_imps
Lair:4:   layout_gridlike, guppyfry_snake_entry_garden, special_room
          [special_room_bee], grunt_megastairs_3, uniq_sonja

Skill      XL: |  1  2  3  4  5  6  7  8  9 10 11 12 |
---------------+-------------------------------------+-----
Spellcasting   | 3 5 |  5.0
Conjurations   | 1 2 3 4 5 6 |  6.0
Stealth        | 2 |  2.0
Fighting       | 1 2 4 5 8 10 | 10.0
Dodging        | 2 4 5 |  5.0
Fire Magic     | 3 5 6 8 9 |  9.0
Evocations     | 1 4 5 6 8 10 11 | 11.6
Transmutations | 2 |  2.1

Action                   |  1- 3 |  4- 6 |  7- 9 | 10-12 | 13-15 || total
-------------------------+-------+-------+-------+-------+-------++-------
Melee: Mace              |     5 |    22 |   205 |   178 |     2 ||   412
Throw: Stone             |    43 |    90 |    45 |       |       ||   178
       Tomahawk          |       |    32 |    23 |     8 |       ||    63
       Throwing net      |       |       |       |     2 |       ||     2
 Cast: Flame Tongue      |    55 |   118 |   295 |   257 |    36 ||   761
       Throw Flame       |       |     2 |    13 |    43 |     9 ||    67
       Sticky Flame      |       |     1 |    12 |    94 |     3 ||   110
       Conjure Flame     |       |       |     1 |    36 |       ||    37
Invok: Potion Petition   |       |       |       |     6 |       ||     6
Evoke: Wand              |       |       |       |    12 |     3 ||    15
  Use: Scroll            |       |       |    12 |     9 |       ||    21
 Stab: Distracted        |       |       |     1 |       |       ||     1
Armor: Robe              |     7 |    13 |   160 |   113 |    13 ||   306
Dodge: Dodged            |    23 |    42 |   180 |   292 |    51 ||   588

Table legend:
 A = Non-vault XP
 B = Vault XP
 C = Vault XP percentage of total XP
 D = Non-vault monster count
 E = Vault monster count
 F = Vault count percentage of total count
                 A         B        C        D         E       F
            +---------+---------+-------+---------+---------+-------
      Total |   32526 |    7064 |  17.8 |     263 |      71 |  21.3
            +---------+---------+-------+---------+---------+-------
        D:1 |      68 |       0 |   0.0 |      24 |       0 |   0.0
        D:2 |      64 |      75 |  54.0 |      22 |      14 |  38.9
        D:3 |     139 |     253 |  64.5 |      27 |       3 |  10.0
        D:4 |     144 |       0 |   0.0 |       8 |       0 |   0.0
        D:5 |     383 |     313 |  45.0 |      23 |       4 |  14.8
        D:6 |     678 |     347 |  33.9 |      22 |      10 |  31.2
        D:7 |    1289 |     222 |  14.7 |      35 |       2 |   5.4
        D:8 |    2212 |    1342 |  37.8 |      10 |       4 |  28.6
        D:9 |    3973 |    1643 |  29.3 |      18 |       2 |  10.0
       D:10 |     120 |       0 |   0.0 |       3 |       0 |   0.0
     Temple |      44 |       0 |   0.0 |       2 |       0 |   0.0
     Lair:1 |    5376 |       0 |   0.0 |      16 |       0 |   0.0
     Lair:2 |    4247 |       0 |   0.0 |      13 |       0 |   0.0
     Lair:3 |    4532 |     111 |   2.4 |      11 |      11 |  50.0
     Lair:4 |    9257 |    2758 |  23.0 |      29 |      21 |  42.0
            +---------+---------+-------+---------+---------+-------
